 Dungeon Crawl Stone Soup version 0.26-a0-611-g354ed81502 (webtiles) character file.

Game seed: 15071434590645204932

57 Descartes the Sneak (level 3, -3/15 HPs)
             Began as a Felid Transmuter on Sept 6, 2020.
             Slain by a gnoll
             ... wielding a +0 spear
              (9 damage)
             ... on level 2 of the Dungeon.
             The game lasted 00:02:20 (1959 turns).

Descartes the Sneak (Felid Transmuter)              Turns: 1959, Time: 00:02:21

Health: -3/15      AC:  1    Str:  7    XL:     3   Next: 73%
Magic:  6/7        EV: 18    Int: 14    God:
Gold:   85         SH:  0    Dex: 16    Spells: 5/6 levels left
                                        Lives:  0   Deaths: 0

rFire    . . .     SeeInvis +     - Unarmed
rCold    . . .     Faith    .   (shield unavailable)
rNeg     . . .     Spirit   .   (armour unavailable)
rPois    .         Reflect  .   (helmet unavailable)
rElec    .         Harm     .   (cloak unavailable)
rCorr    .                      (gloves unavailable)
MR       .....                  (boots unavailable)
Stlth    +++.......             (no amulet)
HPRegen  0.05/turn              (no ring)
MPRegen  0.10/turn              (no ring)

@: appendages (expiring), quick
A: very small, no armour, no weapons or thrown items, stealth, claws 1, fangs 3,
horns 2, see invisible, speed 1, shaggy fur 1, sharp paws
a: End Transformation


You were on level 2 of the Dungeon.
You had grown temporary horns.
You visited 1 branch of the dungeon, and saw 2 of its levels.

You collected 85 gold pieces.

Inventory:

Missiles
 d - 8 arrows
 g - 23 stones
Scrolls
 b - 4 scrolls of identify {unknown}
 c - a scroll of amnesia {unknown}
 i - 2 scrolls of magic mapping {unknown}
 j - a scroll of remove curse {unknown}


   Skills:
 - Level 1.0 Fighting
 - Level 2.6 Dodging
 + Level 5.1 Stealth
 - Level 3.0 Unarmed Combat
 - Level 2.0 Spellcasting
 - Level 2.1 Transmutations


You had 5 spell levels left.
You knew the following spells:

 Your Spells              Type           Power        Failure   Level
a - Beastly Appendage     Tmut           #.....       10%         1

Your spell library contained the following spells:

 Spells                   Type           Power        Failure   Level
 Wereblood                Tmut           #.......     14%         2
 Spider Form              Tmut/Pois      #.........   41%         3
 Ice Form                 Ice/Tmut       #.......     83%         4
 Blade Hands              Tmut           #.........   95%         5


Dungeon Overview and Level Annotations

Branches:
Dungeon (2/15)

Altars:


Innate Abilities, Weirdness & Mutations

You cannot wear armour.
You are incapable of wielding weapons or throwing items.
Your paws allow you to move quietly. (Stealth)
You have sharp claws.
You have razor-sharp teeth.
You have supernaturally acute eyesight. (SInv)
You cover ground quickly.
You are covered in fur. (AC +1)
Your sharp claws are effective at attacking unaware monsters.
You have a pair of horns on your head.


Message History

You feel sick.
You are no longer poisoned.
A gnoll comes into view. It is wielding a -2 halberd.
Casting: Beastly Appendage (safe; 10% risk of failure)
Confirm with . or Enter, or press ? or * to list all spells.
You grow a pair of large bovine horns.
The gnoll shouts!
A gnoll comes into view. It is wielding a +0 spear.
A gnoll comes into view. It is wielding a -1 halberd.
The gnoll shouts!
A gnoll comes into view. It is wielding a +0 flail.
The gnoll closely misses you.
The gnoll shouts!
Your transformation is almost over.
The gnoll hits you from afar with a +0 spear!
The gnoll barely misses you.
You closely miss the gnoll.
The gnoll hits you from afar with a +0 spear!
Ouch! That really hurt!
You die...

#...(#
#....#
####.##
#..# ##.#
#)#####..
#........
#.#######
#@# #g#


#gg #.#. .g##. ..# ## ... .... You could see 4 gnolls.

Vanquished Creatures
  Robin (D:1)
  An adder (D:2)
  An ooze (D:1)
  A giant cockroach (D:2)
  8 goblins
  6 hobgoblins
  5 kobolds (D:1)
  5 bats
  2 rats
30 creatures vanquished.

Notes
Turn   | Place    | Note
-------+----------+-------------------------------------------
     0 | D:1      | Descartes the Felid Transmuter began the quest for the Orb.
     0 | D:1      | Reached XP level 1. HP: 9/9 MP: 4/4
    30 | D:1      | Reached skill level 2 in Stealth
   127 | D:1      | Reached XP level 2. HP: 12/12 MP: 6/6
   143 | D:1      | Reached skill level 3 in Stealth
   736 | D:2      | Reached skill level 4 in Stealth
   736 | D:2      | Reached XP level 3. HP: 4/15 MP: 7/7
  1224 | D:2      | Noticed Robin
  1478 | D:1      | Killed Robin
  1749 | D:2      | Reached skill level 5 in Stealth
  1959 | D:2      | Slain by a gnoll

Illustrated notes

Levels and vault maps discovered:
D:1:      minmay_arrival_hallway, layout_basic
D:2:      layout_basic, chequers_ecumenical_altar_island, st_stairs_7,
          chequers_serial_rivers_small_b, minmay_misc_feat_enclosed, uniq_robin

Skill      XL: |  1  2  3 |
---------------+----------+-----
Stealth        | 2 4 5 |  5.1
Fighting       | |  1.0
Dodging        | |  2.6
Unarmed Combat | |  3.0
Spellcasting   | |  2.0
Transmutations | |  2.1

Action                   || total
-------------------------++-------
Melee: Unarmed           ||    86
       Headbutt          ||     6
       Bite              ||     5
 Cast: Beastly Appendage ||    16
  Use: Potion            ||     4
 Stab: Sleeping          ||     5
Armor: Skin              ||     1
Dodge: Dodged            ||    65

Table legend: (Time is in decaauts)
 A = Elapsed time spent in this place.
 B = Non-inter-level travel time spent in this place.
 C = Inter-level travel time spent in this place.
 D = Time resting spent in this place.
 E = Time spent auto-exploring this place.
 F = Levels seen in this place.
 G = Mean time per level.
                   A        B        C        D        E       F      G
               +--------+--------+--------+--------+--------+-----+--------+
         Total |   1835 |   1808 |     27 |      0 |   1588 |   2 |  917.5 |
       Dungeon |   1835 |   1808 |     27 |      0 |   1588 |   2 |  917.5 |
               +--------+--------+--------+--------+--------+-----+--------+

Top non-repeatable levels by time:
     D:1: 1024 daAuts
     D:2: 811 daAuts
